Map: Dusty Gorge

Players

Pengy

  • Race: Terran Terran
  • League: Bronze
  • Spawn Location: 11:00

Synth

  • Race: Zerg Zerg
  • Spawn Location: 9:00

Subwaymaker

  • Race: Protoss Protoss
  • League: Gold
  • Spawn Location: 5:00

Mesrob

  • Race: Terran Terran
  • League: Platinum
  • Spawn Location: 3:00

VOD

Have the link to the VOD?

Description

Time

  • Played on: March 15, 2019, 8:12 p.m.
  • Length: 7:51
Show
View Real Time Build Order
Export as new Build Order

Pengy Terran 

Build Orders:  

Get SALT Encoding   

  12  0:02  SCV  
  13  0:14  SCV  
  14  0:20  Supply Depot  
  14  0:26  SCV  
  15  0:43  Barracks  
  15  0:44  SCV  
  16  0:56  SCV  
  17  1:18  Command Center  
  17  1:21  SCV  
  18  1:33  Barracks  
  18  1:36  SCV  
  19  1:43  Supply Depot  
  19  1:48  Marine  
  20  2:04  Barracks  
  20  2:05  SCV  
  21  2:20  Barracks  
  21  2:30  Barracks  
  21  2:34  Marine x2  
  23  2:39  SCV  
  24  2:45  SCV  
  25  2:51  SCV  
  25  2:55  Marine x2  
  25  2:58  SCV  
  29  3:01  Marine  
  30  3:13  Marine x2  
  30  3:17  SCV  
  33  3:22  Barracks  
  33  3:29  SCV  
  33  3:32  Barracks  
  34  3:39  Marine x3  
  34  3:40  Marine x2  
  39  3:46  SCV  
  40  3:57  Marine x4  
  40  3:59  Supply Depot  
  40  4:02  Supply Depot  
  44  4:04  Marine  
  45  4:14  SCV  
  46  4:21  Marine, Supply Depot, SCV  
  48  4:25  Marine x2  
  48  4:26  SCV  
  48  4:28  Marine  
  48  4:30  Marine  
  53  4:32  Marine  
  53  4:33  SCV  
  53  4:34  Marine  
  53  4:38  SCV  
  57  4:56  Marine x5  
  57  4:57  Marine x2  
  64  5:14  Marine x6  
  70  6:09  Marine  
  70  6:20  Marine x2  
  70  6:21  Marine  
  70  6:22  Marine x2  
  70  6:28  Marine  
  70  6:29  Marine  
  64  6:37  Marine  
  64  6:38  Marine  
  64  6:39  Marine x2  
  63  6:40  Marine  
  63  6:46  Marine  
  63  6:47  Marine  
  66  6:55  Marine  
  66  6:56  Marine x2  
  66  6:57  Marine  
  70  7:10  Marine  
  70  7:14  Marine  
  70  7:23  Marine  
  70  7:28  Marine  
  70  7:31  Marine  
  70  7:32  Marine  
Show
View Real Time Build Order
Export as new Build Order

Synth Zerg 

Build Orders: Pool First 

Get SALT Encoding   

  12  0:01  Drone  
  13  0:09  Drone  
  14  0:17  Overlord  
  14  0:36  Drone x2  
  16  0:45  Spawning Pool  
  16  0:46  Drone  
  16  0:59  Extractor, Drone x2  
  17  1:16  Drone  
  18  1:33  Zergling x4  
  18  1:34  Queen  
  22  1:48  Hatchery  
  22  1:49  Overlord  
  21  2:00  Drone  
  22  2:03  Overlord  
  22  2:07  Metabolic Boost  
  22  2:21  Zergling x2  
  23  2:36  Roach Warren  
  22  2:54  Zergling x10  
  27  3:04  Drone x2  
  27  3:05  Queen  
  31  3:17  Roach x2  
  35  3:27  Extractor  
  34  3:36  Roach  
  34  3:39  Overlord  
  36  4:00  Roach  
  36  4:01  Roach x3  
  36  4:02  Overlord  
  44  4:10  Lair  
  44  4:24  Roach x2  
  48  4:43  Roach x2  
  48  4:45  Overlord  
  45  4:54  Zergling x4  
  47  5:04  Ravager x3  
  48  5:10  Drone x3  
  50  5:21  Roach  
  52  5:30  Drone  
  52  5:31  Drone x2  
  47  6:10  Roach x6  
  57  6:23  Roach  
  59  6:28  Glial Reconstitution  
  59  6:34  Overlord x3  
  59  6:42  Zergling x2  
  60  6:47  Overlord x2  
  60  7:02  Drone x2  
  60  7:03  Drone x2  
  60  7:04  Drone x2  
  66  7:18  Roach x3  
  72  7:28  Evolution Chamber  
  73  7:30  Roach x2  
Show
View Real Time Build Order
Export as new Build Order

Subwaymaker Protoss 

Build Orders: Oracle Opening 

Get SALT Encoding   

  12  0:01  Probe  
  13  0:20  Probe  
  13  0:21  Pylon  
  14  0:28  Probe  
  15  0:38  Probe  
  16  0:45  Gateway  
  16  0:53  Probe  
  17  1:01  Probe  
  17  1:03  Assimilator  
  17  1:09  Probe  
  19  1:20  Pylon, Probe  
  20  1:28  Assimilator  
  20  1:32  Probe  
  21  1:37  Cybernetics Core  
  21  1:50  Probe  
  22  2:02  Probe  
  22  2:03  Pylon  
  23  2:17  Nexus  
  23  2:26  Stargate  
  23  2:33  Stalker  
  25  2:40  Probe  
  25  2:52  Warp Gate  
  25  3:06  Gateway  
  25  3:07  Probe, Gateway  
  26  3:15  Probe  
  27  3:24  Probe  
  27  3:28  Oracle  
  31  3:35  Probe  
  31  3:36  Probe  
  31  3:38  Sentry  
  35  3:43  Probe  
  37  3:48  Probe  
  37  3:49  Pylon  
  37  3:53  Probe  
  37  3:59  Stalker  
  37  4:00  Probe  
  41  4:03  Probe  
  42  4:11  Probe  
  42  4:12  Probe  
  44  4:19  Probe  
  45  4:24  Probe  
  45  4:25  Twilight Council  
  45  4:30  Stargate  
  46  4:36  Probe  
  47  4:40  Probe  
  48  4:49  Assimilator, Probe x2  
  49  4:53  Assimilator  
  49  4:55  Void Ray  
  54  5:01  Probe  
  52  5:16  Zealot x2  
  52  5:17  Zealot  
  58  5:26  Probe x2  
  60  5:32  Pylon  
  60  5:36  Pylon  
  60  5:38  Probe  
  26  6:53  Gateway x2  
  25  7:00  Probe  
  19  7:08  Probe x2  
  8  7:16  Probe  
  8  7:17  Probe  
  10  7:26  Probe  
  12  7:30  Probe  
  12  7:37  Pylon  
  12  7:38  Probe  
  12  7:42  Pylon  
  14  7:48  Pylon  
Show
View Real Time Build Order
Export as new Build Order

Mesrob Terran 

Build Orders: 2 Factory 

Get SALT Encoding   

  12  0:01  SCV  
  13  0:14  SCV  
  13  0:18  Supply Depot  
  14  0:26  SCV  
  15  0:42  SCV  
  16  0:46  Barracks  
  16  0:54  SCV  
  17  0:57  Refinery  
  17  1:08  SCV  
  18  1:20  SCV  
  19  1:32  SCV  
  20  1:35  Marine  
  21  1:41  Command Center  
  21  1:46  Orbital Command  
  21  2:02  Barracks Tech Lab  
  21  2:11  Factory  
  21  2:15  Refinery  
  21  2:22  SCV  
  22  2:34  SCV  
  23  2:50  Supply Depot  
  23  2:53  Marine, SCV  
  25  2:59  Factory  
  25  3:09  SCV  
  25  3:11  Marine, Orbital Command  
  25  3:12  Supply Depot  
  27  3:16  Refinery, Siege Tank  
  30  3:21  SCV  
  31  3:36  Supply Depot  
  31  3:37  SCV  
  31  3:40  SCV  
  33  3:48  Siege Tank  
  36  3:49  Engineering Bay  
  36  3:50  SCV  
  36  3:52  Factory Reactor  
  37  4:00  Refinery, SCV  
  37  4:02  SCV  
  39  4:05  Supply Depot  
  39  4:14  SCV  
  39  4:16  SCV  
  41  4:26  SCV  
  41  4:28  Siege Tank, SCV, Armory  
  46  4:33  Supply Depot  
  46  4:38  SCV  
  47  4:41  Armory  
  47  4:45  Missile Turret  
  47  4:50  SCV  
  47  4:52  Marine  
  46  4:56  Hellion x2  
  50  5:02  SCV  
  51  5:17  SCV  
  51  5:18  SCV  
  53  5:25  Command Center  
  53  5:29  SCV  
  53  5:31  SCV  
  55  5:41  SCV  
  56  5:43  SCV  
  56  5:48  Missile Turret  
  56  5:49  Missile Turret  
  57  5:51  Supply Depot  
  55  6:13  Supply Depot  
  49  6:37  Supply Depot  
  49  6:39  Missile Turret  
  49  6:53  Thor  
  55  6:57  Hellbat x2  
  59  7:18  Hellbat x2  
  47  7:32  SCV x2  
Tags
 
Add a new tag
Caveats
  • Supply blocks, unpowered buildings, or Contaminate may cause inaccurate times.
  • Supply counts are checked every 10 seconds.